 Dungeon Crawl Stone Soup version 0.26.1-2-gb8aa6d0cf2 (webtiles) character file.

Game seed: 7573684181867343438

49 vatarom the Insei (level 3, 0/28 HPs)
             Began as a Draconian Transmuter on Feb 16, 2021.
             Succumbed to a goblin's poison
             ... on level 1 of the Dungeon on Feb 17, 2021.
             The game lasted 00:03:04 (1821 turns).

vatarom the Insei (Draconian Transmuter)            Turns: 1821, Time: 00:03:05

Health: 0/28       AC:  5    Str: 12    XL:     3   Next: 51%
Magic:  6/6        EV: 12    Int: 13    God:
Gold:   129        SH:  0    Dex: 12    Spells: 5/6 levels left

rFire    + . .     SeeInvis .     - Unarmed
rCold    + . .     Faith    .   (no shield)
rNeg     . . .     Spirit   .   (armour unavailable)
rPois    +         Reflect  .   (helmet restricted)
rElec    +         Harm     .   (no cloak)
rCorr    +         Rampage  .   (no gloves)
Will     .....                  (no boots)
Stlth    +.........             (no amulet)
HPRegen  0.09/turn              (no ring)
MPRegen  0.10/turn              (no ring)

@: lethally poisoned (0 -> -2), resistant
A: unfitting armour, cold-blooded, AC +5
a: no special abilities


You were on level 1 of the Dungeon.
You visited 1 branch of the dungeon, and saw 2 of its levels.

You collected 129 gold pieces.

Inventory:

Missiles
 d - 7 boomerangs
Scrolls
 a - a scroll of magic mapping {unknown}
 b - 2 scrolls of remove curse {unknown}
 c - 2 scrolls of teleportation {unknown}


   Skills:
 - Level 1.1 Fighting
 - Level 1.7 Dodging
 + Level 3.8 Unarmed Combat
 - Level 2.0 Spellcasting
 + Level 3.1 Transmutations


You had 5 spell levels left.
You knew the following spells:

 Your Spells              Type           Power        Failure   Level
a - Beastly Appendage     Tmut           18%          7%          1

Your spell library contained the following spells:

 Spells                   Type           Power        Failure   Level
 Wereblood                Tmut           9%           11%         2
 Spider Form              Tmut/Pois      2%           38%         3
 Ice Form                 Ice/Tmut       5%           80%         4
 Blade Hands              Tmut           4%           89%         5


Dungeon Overview and Level Annotations

Branches:
Dungeon (2/15)

Altars:

Annotations:
D:1 Robin


Innate Abilities, Weirdness & Mutations

Your plain brown scales are hard. (AC +5)
You cannot fit into any form of body armour.
You are cold-blooded and may be slowed by cold attacks.


Message History

The goblin barely misses you.
You closely miss the goblin.
You feel sick. Robin throws the goblin at you! The goblin closely misses you.
Robin hits you with a +0 spear.
* * * LOW HITPOINT WARNING * * *
You closely miss the goblin. Robin closely misses you.
The goblin barely misses you.
You hit the goblin.
You kill the goblin!
* * * LOW HITPOINT WARNING * * *
You feel sick.
Robin says, "My goblins will feast on your bones."
Robin hits you but does no damage. Robin closely misses you.
You see here a goblin corpse.
* * * LOW HITPOINT WARNING * * *
You feel sick.
Robin says, "My goblins will feast on your bones."
Unknown command.
You die...

######..#.#.# ####.###....... #
#.#.##.## #[# #.#....# #
#.###...# ##.###.###..#
#.###...### #...(..# #..#
#.#.......######..##### #..# #
##.#...............#### #[.. #
###..........#####......# ##.# #
#...#..#...#######...##.# #.# #
#.#........#..@......##.# #.# #
#.###..#####.#####...##.# ##.# #
#.# #..#####g# #...##.# #... #
#.# #..).†...# #...##.# #..# #
#.# #>.####### #...##.####..# #
#.# #.)# #######.............
###.###..# #.>............##...
##...##..# #.###.#...##.#.#..>.
.........#####.###.#.............


There were no monsters in sight!

Vanquished Creatures
  An ooze (D:1)
  A dart slug (D:1)
  2 leopard geckos (D:1)
  6 goblins
  6 hobgoblins (D:1)
  5 jackals (D:1)
  6 kobolds (D:1)
  3 bats (D:1)
  2 frilled lizards (D:1)
  4 rats (D:1)
36 creatures vanquished.

Notes
Turn   | Place    | Note
-------+----------+-------------------------------------------
     0 | D:1      | vatarom the Draconian Transmuter began the quest for the
                  | Orb.
     0 | D:1      | Reached XP level 1. HP: 16/16 MP: 3/3
   342 | D:1      | Reached XP level 2. HP: 2/23 MP: 3/5
  1276 | D:1      | Reached XP level 3. HP: 19/28 MP: 4/6
  1754 | D:2      | Noticed Robin
  1814 | D:1      | HP: 1/28 [poisoned by a goblin]
  1821 | D:1      | Succumbed to a goblin's poison

Illustrated notes

Levels and vault maps discovered:
D:1:      roderic_crossed_star, layout_loops_ring,
          chequers_serial_rivers_room_a, minmay_tromino_i2
D:2:      layout_basic, kennysheep_ying_yang, nemelex_lonely_heart_becter,
          uniq_robin

Skill      XL: |  1  2  3 |
---------------+----------+-----
Transmutations | 3 |  3.1
Fighting       | |  1.1
Dodging        | |  1.7
Unarmed Combat | |  3.8
Spellcasting   | |  2.0

Action                   || total
-------------------------++-------
Melee: Unarmed           ||   102
       Kick              ||    13
       Tailslap          ||    12
       Headbutt          ||    11
       Punch             ||     2
 Cast: Beastly Appendage ||    24
  Use: Potion            ||     1
Armor: Skin              ||    32
Dodge: Dodged            ||    55
